 Dungeon Crawl Stone Soup version 0.28-a0-987-g8383568036 (webtiles) character file.

Game seed: 5214676375964839768

43 MirrMurr the Sneak (level 3, -1/16 HPs)
             Began as a Spriggan Enchanter on Dec 4, 2021.
             Slain by Natasha (8 damage)
             ... on level 2 of the Dungeon.
             The game lasted 00:02:46 (1861 turns).

MirrMurr the Sneak (Spriggan Enchanter)             Turns: 1861, Time: 00:02:47

Health: -1/16      AC:  2    Str:  6    XL:     3   Next: 37%
Magic:  6/8        EV: 17    Int: 16    God:
Gold:   19         SH:  0    Dex: 15    Spells: 2/7 levels left

rFire   . . .      SeeInvis +   a - +1 dagger
rCold   . . .      Faith    .   (shield restricted)
rNeg    . . .      Spirit   .   b - +0 robe
rPois   .          Reflect  .   (helmet restricted)
rElec   .          Harm     .   (no cloak)
rCorr   .          Rampage  .   (gloves unavailable)
Will    .....                   (boots unavailable)
Stlth   +++.......              (no amulet)
HPRegen 0.05/turn               (no ring)
MPRegen 0.11/turn               (no ring)

@: very quick
A: very small, no large weapons, unfitting armour, see invisible, speed 3
a: no special abilities


You were on level 2 of the Dungeon.
You visited 1 branch of the dungeon, and saw 2 of its levels.

You collected 19 gold pieces.

Inventory:

Hand Weapons
 a - a +1 dagger (weapon)
Missiles
 f - 6 stones (quivered)
Armour
 b - a +0 robe (worn)
Scrolls
 e - a scroll of blinking {unknown}
 h - a scroll of enchant armour {unknown}
 i - a scroll of fog {unknown}
Potions
 c - a potion of invisibility
 g - a potion of heal wounds {unknown}


   Skills:
 + Level 2.7 Short Blades
 - Level 2.6 Dodging
 + Level 5.8 Stealth
 - Level 2.6 Spellcasting
 - Level 3.6 Hexes


You had 2 spell levels left.
You knew the following spells:

 Your Spells              Type           Power      Damage    Failure   Level
a - Ensorcelled Hibernat  Hex/Ice        14%        N/A       14%         2
b - Confusing Touch       Hex            13%        N/A       13%         3

Your spell library contained the following spells:

 Spells                   Type           Power      Damage    Failure   Level
 Tukima's Dance           Hex            13%        N/A       13%         3
 Dazzling Flash           Conj/Hex       14%        N/A       28%         3


Dungeon Overview and Level Annotations

Branches:
Dungeon (2/15)

Altars:

Annotations:
D:2 Natasha, Robin


Innate Abilities, Weirdness & Mutations

You are very small and have problems with some larger weapons.
You are too small for most types of armour.
You have supernaturally acute eyesight. (SInv)
You cover ground extremely quickly. (Speed+++)


Message History

Aim: Natasha (chance to affect: 38%) Natasha resists with some effort.
Natasha barely misses you.
Casting: Ensorcelled Hibernation (safe; 14% risk of failure)
Confirm with . or Enter, or press ? or * to list all spells.
You don't have enough magic to cast this spell.
Unknown command.
Casting: Ensorcelled Hibernation (safe; 14% risk of failure)
Confirm with . or Enter, or press ? or * to list all spells.
You don't have enough magic to cast this spell.
Unknown command.
There is a stone staircase leading up here.
Natasha casts a spell at you. The magic dart hits you!
Ouch! That really hurt!
You climb upwards.
There is a stone staircase leading down here.
Magic restored.
HP restored.
Done exploring.
You climb downwards.
Level annotation: Natasha, Robin Natasha casts a spell at you.
You resist with some effort.
There is a stone staircase leading up, spattered with blood here.
Casting: Ensorcelled Hibernation (safe; 14% risk of failure)
Confirm with . or Enter, or press ? or * to list all spells.
Aiming: Ensorcelled Hibernation (safe; 14% risk of failure)
Press: ? - help, Shift-Dir - straight line, f - Natasha
Aim: Natasha (chance to affect: 38%)
Okay, then.
Casting: Ensorcelled Hibernation (safe; 14% risk of failure)
Confirm with . or Enter, or press ? or * to list all spells.
Aiming: Ensorcelled Hibernation (safe; 14% risk of failure)
Press: ? - help, Shift-Dir - straight line, f - Natasha
Aim: Natasha (chance to affect: 38%) Natasha resists with some effort.
Natasha claws you!
Ouch! That really hurt!
Natasha claws you!
Ouch! That really hurt!
You die...

#.. #.# #.# ##.# ## #.#
.... . #.# ... #.# # #..
#.# .# #..#### #@# .#
#......
#.#####h####.###.##.####
#.........$...... #.....
#.#######......###
###### #.....)...รท....#
###.#########.......
#######


You could see Natasha.

Vanquished Creatures
  2 adders (D:2)
  A dart slug (D:1)
  A bat (D:1)
  An endoplasm (D:1)
  7 goblins
  2 hobgoblins (D:2)
  6 ball pythons
  A frilled lizard (D:1)
  2 kobolds (D:1)
23 creatures vanquished.

Notes
Turn   | Place    | Note
-------+----------+-------------------------------------------
     0 | D:1      | MirrMurr the Spriggan Enchanter began the quest for the
                  | Orb.
     0 | D:1      | Reached XP level 1. HP: 9/9 MP: 5/5
   589 | D:1      | Reached skill level 5 in Stealth
   589 | D:1      | Reached XP level 2. HP: 13/13 MP: 6/6
   704 | D:1      | Learned a level 2 spell: Ensorcelled Hibernation
  1140 | D:2      | Noticed Robin
  1277 | D:1      | Reached XP level 3. HP: 14/16 MP: 5/8
  1281 | D:1      | Learned a level 3 spell: Confusing Touch
  1347 | D:2      | Noticed Natasha
  1861 | D:2      | Slain by Natasha

Illustrated notes

Levels and vault maps discovered:
D:1:      matt_arrival_grand_opening, layout_loops_ring, serial_bayou_crossing
D:2:      layout_loops_ring, grunt_ministairs_3, uniq_natasha, uniq_robin

Skill      XL: |  1  2 |
---------------+-------+-----
Stealth        | 5 |  5.8
Short Blades   | 2 |  2.7
Dodging        | |  2.6
Spellcasting   | |  2.6
Hexes          | |  3.6

Action                   || total
-------------------------++-------
Melee: Dagger            ||    48
Throw: Stone             ||     1
 Cast: Ensorcelled Hiber ||    18
  Use: Scroll            ||     2
 Stab: Sleeping          ||    16
       Distracted        ||     1
Armor: Robe              ||     3
Dodge: Dodged            ||    34

Table legend: (Time is in decaauts)
 A = Elapsed time spent in this place.
 B = Non-inter-level travel time spent in this place.
 C = Inter-level travel time spent in this place.
 D = Time resting spent in this place.
 E = Time spent auto-exploring this place.
 F = Levels seen in this place.
 G = Mean time per level.
                   A        B        C        D        E       F      G
               +--------+--------+--------+--------+--------+-----+--------+
         Total |   1571 |   1531 |     40 |     45 |   1260 |   2 |  785.5 |
       Dungeon |   1571 |   1531 |     40 |     45 |   1260 |   2 |  785.5 |
               +--------+--------+--------+--------+--------+-----+--------+

Top non-repeatable levels by time:
     D:1: 1418 daAuts
     D:2: 153 daAuts
